 Dungeon Crawl Stone Soup version 0.30-a0-691-g754fce4c43 (webtiles) character file.

Game seed: 10155940025960951516

566 croobank the Covert (level 7, 0/49 HPs)
             Began as an Octopode Delver on Jan 19, 2023.
             Was an Initiate of Gozag.
             Slain by a quokka (2 damage)
             ... on level 4 of the Dungeon.
             The game lasted 00:14:19 (4081 turns).

croobank the Covert (Octopode Delver)               Turns: 4081, Time: 00:14:19

Health: 0/49       AC:  1    Str: 11    XL:     7   Next: 32%
Magic:  6/7        EV: 14    Int: 15    God:    Gozag
Gold:   148        SH:  0    Dex: 13    Spells: 3/6 levels left

rFire   . . .      SeeInvis .    f - +1 war axe (elec)
rCold   . . .      Faith    .    (no shield)
rNeg    . . .      Spirit   .    (helmet restricted)
rPois   .          Reflect  .    (no amulet)
rElec   .          Harm     .    (no ring)
rCorr   .          Rampage  .    (no ring)
Will    .....                    (no ring)
Stlth   +++++                    (no ring)
HPRegen 0.28/turn                (no ring)
MPRegen 0.10/turn                (no ring)
                                 (no ring)
                                 (no ring)

@: gold aura
A: almost no armour, amphibious, 8 rings, camouflage 1, gelatinous body 1,
(nimble swimmer 1), tentacles
a: Renounce Religion, Potion Petition, Call Merchant, Bribe Branch


You were on level 4 of the Dungeon.
You worshipped Gozag.
Gozag was aware of your devotion.
You visited 1 branch of the dungeon, and saw 6 of its levels.

You collected 247 gold pieces.
You paid 99 gold pieces to Gozag.

Inventory:

Hand Weapons
 f - a +1 war axe of electrocution (weapon)
 i - a +0 vampiric dagger
 j - a +2 hand axe of electrocution
Jewellery
 g - a +6 ring of strength
 m - a +6 ring of dexterity
 p - an amulet of the acrobat
 v - a +6 ring of intelligence
Wands
 e - a wand of digging (3)
 t - a wand of iceblast (4)
Scrolls
 a - 2 scrolls of fog
 b - 2 scrolls of magic mapping
 c - 3 scrolls of fear
 n - 2 scrolls of blinking
 q - 3 scrolls of teleportation {unknown}
 s - a scroll of noise {unknown}
 u - a scroll of torment {unknown}
 w - a scroll of brand weapon
Potions
 d - a potion of haste
 h - a potion of resistance {unknown}
 k - 2 potions of curing
 l - a potion of brilliance
 o - a potion of cancellation
 r - a potion of degeneration {unknown}


   Skills:
 + Level 4.7 Fighting
 + Level 4.2 Dodging
 + Level 8.6 Stealth
 + Level 4.2 Unarmed Combat


You had 3 spell levels left.
You knew the following spells:

 Your Spells              Type           Power      Damage    Failure   Level
a - Beastly Appendage     Tmut           0%         N/A       26%         1
b - Wereblood             Tmut           0%         N/A       38%         2

Your spell library contained the following spells:

 Spells                   Type           Power      Damage    Failure   Level
 Ignite Poison            Fire/Tmut/Pois 0%         N/A       63%         3
 Spider Form              Tmut/Pois      0%         N/A       63%         3
 Sticky Flame             Conj/Fire      0%         2d3       95%         4
 Ignition                 Fire           0%         3d3       100%        8


Dungeon Overview and Level Annotations

Branches:
Dungeon (6/15)
 Temple: D:4-7

Altars:
Elyvilon
Gozag
Okawaru


Innate Abilities, Weirdness & Mutations

You cannot wear most types of armour.
You are amphibious.
You can wear up to eight rings at the same time.
Your skin changes colour to match your surroundings (Stealth+).
Your rubbery body absorbs attacks. (AC +1, EV +1)
((You are camouflaged when in or above water. (Stealth+)))
You have tentacles for arms and can constrict up to eight enemies at once.


Message History

The hound bites you.
A gnoll comes into view. It is wielding a +0 halberd.
The hound bites you.
You closely miss the hound. Your grab misses the hound.
The hound is distracted by your dazzling golden aura.
You barely miss the hound.
The hound is no longer distracted by gold.
The hound barks!
Your grab misses the hound.
You hear a shout!
The hound bites you. The hound barely misses you. The quokka misses you.
You hit the hound. You grab the hound.
You squeeze the hound, but do no damage.
The hound is moderately wounded.
You hit the quokka but do no damage. You constrict the hound.
The hound bites you. The quokka closely misses you.
The hound barely misses you.
A gnoll comes into view. It is wielding a +0 halberd.
The quokka bites you.
You hit the hound.
The hound is severely wounded.
You barely miss the quokka. You constrict the hound.
The hound is distracted by your dazzling golden aura.
The quokka misses you. The gnoll misses you.
The hound barks!
You hit the hound.
The hound is no longer distracted by gold.
The hound is severely wounded.
You miss the quokka. You constrict the hound. The quokka barely misses you.
The hound closely misses you.
The gnoll hits you from afar with a +0 halberd!
* * * LOW HITPOINT WARNING * * *
The quokka bites you.
* * * LOW HITPOINT WARNING * * *
The hound closely misses you.
You hit the hound.
You kill the hound!
You barely miss the quokka. The quokka bites you.
You die...
Your body crumbles into a pile of gold.

.. ## #.## .. #..# #.
#$## #.
#######..###########.
...........$.........
########...########..
#########..............#
...g.g$@..############.#
$ ......r#### [..
....... .... ##'##.#
#.... #. #. #.... # #.
#### #


You could see 2 gnolls and a quokka.

Vanquished Creatures
  A black bear (D:3)
  A necrophage (D:4)
  3 hounds (D:4)
  A jelly (D:4)
  An orc priest (D:4)
  2 iguanas
  An orc wizard (D:4)
  6 adders
  6 gnolls
  A worm (D:3)
  3 dart slugs
  10 orcs
  5 ball pythons
  9 endoplasms
  5 giant cockroaches
  8 goblins
  4 hobgoblins
  11 kobolds
  3 quokkas
  5 bats
  5 frilled lizards
  5 rats
96 creatures vanquished.

Vanquished Creatures (others)
  An orc wizard (D:4)
  8 fungi (D:4)
9 creatures vanquished.

Grand Total: 105 creatures vanquished

Notes
Turn   | Place    | Note
-------+----------+-------------------------------------------
     0 | D:5      | croobank the Octopode Delver began the quest for the Orb.
     0 | D:5      | Reached XP level 1. HP: 16/16 MP: 1/1
    32 | D:6      | Reached XP level 2. HP: 14/21 MP: 2/2
    61 | D:6      | Noticed an ice beast
   152 | D:5      | Reached skill level 7 in Stealth
   152 | D:5      | Reached XP level 3. HP: 23/26 MP: 3/3
   518 | D:1      | Reached XP level 4. HP: 31/31 MP: 4/4
  1272 | D:2      | Reached XP level 5. HP: 18/37 MP: 5/5
  1923 | D:3      | Noticed a black bear
  1979 | D:3      | Killed a black bear
  1980 | D:3      | Reached skill level 8 in Stealth
  1980 | D:3      | Reached XP level 6. HP: 12/43 MP: 6/6
  2178 | D:3      | Found an iron altar of Okawaru.
  2381 | D:3      | Found a white marble altar of Elyvilon.
  2803 | D:3      | Found an opulent altar of Gozag.
  2838 | D:3      | Became a worshipper of Gozag Ym Sagoz the Greedy
  3150 | D:4      | Reached XP level 7. HP: 28/49 MP: 7/7
  3353 | D:4      | HP: 1/49 [gnoll/+0 flail[a gnoll bouda] (11)]
  4026 | D:4      | Learned a level 1 spell: Beastly Appendage
  4029 | D:4      | Learned a level 2 spell: Wereblood
  4080 | D:4      | HP: 2/49 [quokka (5)]
  4081 | D:4      | Slain by a quokka

Illustrated notes

Levels and vault maps discovered:
D:1:      minmay_arrival_four_loops, layout_basic, minmay_bisected
D:2:      layout_rooms, kennysheep_small_spiral
D:3:      layout_basic, mainiacjoe_overflow_24_doors,
          nicolae_gozag_cash_rules_everything_around_me, elyvilon_altar_3,
          minmay_close_crescents
D:4:      layout_rooms, regret_index_temple_of_mockery, dreamdust_gnoll_farm,
          uniq_crazy_yiuf_cottage
D:5:      layout_basic, nicolae_dithmenos_the_darkroom, minivault_24,
          minmay_holes, nrook_mini_backslash
D:6:      layout_basic, grunt_qazlal_clouds, nicolae_tso_carved_into_rock,
          bloody_trog

Skill      XL: |  1  2  3  4  5  6 |
---------------+-------------------+-----
Stealth        | 7 8 |  8.6
Dodging        | 3 4 |  4.2
Unarmed Combat | 3 4 |  4.2
Fighting       | 4 |  4.7

Action                   |  1- 3 |  4- 6 |  7- 9 || total
-------------------------+-------+-------+-------++-------
Melee: War axe           |    32 |   105 |    26 ||   163
       Tentacles         |     5 |    16 |     7 ||    28
       Constrict         |     4 |    29 |     4 ||    37
       Punch             |     1 |     4 |       ||     5
       Kick              |       |       |     1 ||     1
 Cast: Beastly Appendage |       |       |     1 ||     1
       Wereblood         |       |       |     1 ||     1
Evoke: Wand              |       |       |     1 ||     1
  Use: Scroll            |       |     5 |     2 ||     7
       Potion            |       |       |     1 ||     1
 Stab: Sleeping          |     9 |    18 |     1 ||    28
       Distracted        |       |     2 |     1 ||     3
Armor: Skin              |     4 |     5 |       ||     9
Dodge: Dodged            |    25 |    73 |    31 ||   129

Table legend: (Time is in decaauts)
 A = Elapsed time spent in this place.
 B = Non-inter-level travel time spent in this place.
 C = Inter-level travel time spent in this place.
 D = Time resting spent in this place.
 E = Time spent auto-exploring this place.
 F = Levels seen in this place.
 G = Mean time per level.
                   A        B        C        D        E       F      G
               +--------+--------+--------+--------+--------+-----+--------+
         Total |   4147 |   3981 |    166 |   1523 |   1594 |   6 |  691.2 |
       Dungeon |   4147 |   3981 |    166 |   1523 |   1594 |   6 |  691.2 |
               +--------+--------+--------+--------+--------+-----+--------+

Top non-repeatable levels by time:
     D:3: 1746 daAuts
     D:1: 905 daAuts
     D:2: 705 daAuts
     D:4: 606 daAuts
     D:5: 100 daAuts
     D:6: 82 daAuts
